 Dungeon Sprint DCSS version 0.30-a0-469-g84de5afbc5 (webtiles) character file.

Game seed: 3181476158049372723

6400000 NinjaNoafa the Intangible (level 27, -107/228 HPs)
             Began as a Djinni Warper on Dec 19, 2022.
             Was the Champion of Makhleb.
             Annihilated by a destroyer
             ... wielding a +9 vorpal great sword
              (196 damage)
             ... in the Dungeon (Sprint VIII: "Arena of Blood").
             The game lasted 00:01:49 (64 turns).

NinjaNoafa the Intangible (Djinni Warper)             Turns: 64, Time: 00:01:50

Health: -107/228   AC:  6    Str: 10    XL:     27
Gold:   0          EV: 34    Int: 19    God:    Makhleb [******] SH:  0 Dex: 23

rFire   + + .      SeeInvis .    i - +∞ Axe of Woe
rCold   x . .      Faith    .    (shield currently unavailable)
rNeg    . . .      Spirit   .    b - +0 leather armour
rPois   ∞          Reflect  .    (no helmet)
rElec   .          Harm     .    (no cloak)
rCorr   .          Rampage  .    (no gloves)
Will    ++...      NoTele   +    (boots unavailable)
Stlth   ++++++++++               (no amulet)
HPRegen 0.58/turn                a - +30 ring of slaying
MPRegen 0.00/turn                j - +30 ring of slaying

@: flying
A: sickness immunity, fire resistance 2, cold vulnerability 1, float, innate
caster, HP casting, extra vitality 1
a: Renounce Religion, Minor Destruction, Lesser Servant of Makhleb, Major
Destruction, Greater Servant of Makhleb


You were in the Dungeon.
You worshipped Makhleb.
Makhleb was exalted by your worship.
You visited 1 branch

Inventory:

Hand Weapons
 i - the +∞ Axe of Woe (weapon)
   (You found it in the Dungeon)
Missiles
 d - 7 boomerangs of dispersal (quivered)
Armour
 b - a +0 leather armour (worn)
Jewellery
 a - a +30 ring of slaying (left hand)
 j - a +30 ring of slaying (right hand)
Scrolls
 c - 2 scrolls of blinking
Potions
 e - a potion of curing
 f - a potion of heal wounds
 g - a potion of haste
 h - a potion of berserk rage


   Skills:
 O Level 27 Fighting
 O Level 27 Short Blades
 O Level 27 Long Blades
 O Level 27 Axes
 O Level 27 Maces & Flails
 O Level 27 Polearms
 O Level 27 Staves
 O Level 27 Ranged Weapons
 O Level 27 Throwing
 O Level 27 Armour
 O Level 27 Dodging
 O Level 27 Stealth
 O Level 27 Shields
 O Level 27 Unarmed Combat
 O Level 27 Spellcasting
 O Level 27 Invocations
 O Level 27 Evocations


You couldn't memorise any spells.
You knew the following spells:

 Your Spells              Type           Power      Damage    Failure   Level
a - Blink                 Tloc           100%       N/A       0%          2
b - Lesser Beckoning      Tloc           100%       N/A       0%          3
c - Vhi's Electric Charg  Tloc/Air       100%       N/A       0%          3
d - Teleport Other        Tloc           91%        N/A       0%          3
e - Manifold Assault      Tloc           91%        N/A       0%          4
f - Shock                 Conj/Air       100%       1d9       0%          1
g - Call Imp              Summ           91%        N/A       0%          2
h - Scorch                Fire           100%       2d10      0%          2
i - Vampiric Draining     Necr           91%        2d12      0%          3
j - Airstrike             Air            45%        2d(7-23)  0%          4
k - Agony                 Necr           91%        N/A       0%          5
l - Starburst             Conj/Fire      45%        6d13      0%          6
m - Simulacrum            Ice/Necr       45%        N/A       0%          6
n - Summon Hydra          Summ           45%        N/A       1%          7
o - Borgnjor's Revivific  Necr           45%        N/A       1%          8
p - Spellforged Servitor  Conj/Summ      45%        N/A       1%          7
q - Chain Lightning       Conj/Air       45%        3d60      2%          9
r - Shatter               Erth           45%        3d35*     2%          9
Your spell library was empty.

Dungeon Overview and Level Annotations

Branches:
Dungeon (1/1)

Altars:
Makhleb


Innate Abilities, Weirdness & Mutations

You are immune to sickness and miasma.
You are immune to poison.
Your flesh is very heat resistant. (rF++)
You are vulnerable to cold. (rC-)
You float through the air rather than walking.
You learn spells naturally, not from books.
Your magical power is your life essence.
You have superior vitality. (+4 MHP)


Message History

The meat berserker hits you with a +9 battleaxe!!!
A meat berserker comes into view. It is wielding a +9 battleaxe.
The destroyer hits you with a +9 vorpal great sword!!
The destroyer bites you but does no damage.
A bag of meat comes into view. It is wielding a +9 war axe.
The bag of meat is engulfed in blazing flames. x2
You hear a shout!
The meat berserker hits you with a +9 battleaxe!!!
* * * LOW HITPOINT WARNING * * *
The accursed is engulfed in blazing flames.
You hear a shout!
You have mastered Ranged Weapons!
You cannot train any new skills!
Casting: Manifold Assault (safe; 0% risk of failure)
Confirm with . or Enter, or press ? or * to list all spells.
Space momentarily warps into an impossible shape!
You slice the bag of meat!!
You cleave the bag of meat in twain.
You kill the bag of meat!
Makhleb accepts your kill.
You feel better.
You slice the bag of meat!!
You cleave the bag of meat in twain.
You kill the bag of meat!
Makhleb accepts your kill.
You feel better.
You dice the meat berserker like an onion!!!!
You cleave the meat berserker in twain.
You kill the meat berserker!
Makhleb accepts your kill.
You feel better.
You dice the meat berserker like an onion!!!
You butcher the meat berserker messily.
You kill the meat berserker!
Makhleb accepts your kill.
You hear a shout! x2
A bag of meat comes into view. It is wielding a +9 war axe.
The meat berserker hits you with a +9 battleaxe!!!
You hear a shout!
The destroyer hits you with a +9 vorpal great sword!!!!!
Ouch! That really hurt!
You die...

§).......). .. .
M°.....O) ...
.○#o.....)#...
..o....).)#.. .
)##O)....)).##).
..)..o#..)).....
.)).).)OV))).)).
.....OO@V......
....._.<._#o.L..
....#..Oo.O).o..
....))._..Ooo...
.....)###o..ooo§
.###.. oO#z)§)
#o.


).o.OOV ... ))).oOV .. .. You could see an accursed, a tyrant (fast), 4
destroyers, a sculptor of flesh, 4 large bags of meat, 8 meat berserkers and 16
bags of meat.

Vanquished Creatures
  2 royal mummies (D)
  Harold (D)
  8 vampire knights (D)
  28 ogres (D)
  7 two-headed ogres (D)
  2 liches (D)
  A hydra (D)
  43 orcs (D)
  4 skeletal warriors (D)
96 creatures vanquished.

Notes
Turn   | Place    | Note
-------+----------+-------------------------------------------
     0 | D        | Found the +∞ Axe of Woe
     0 | D        | NinjaNoafa the Djinni Warper began the quest for the Orb.
     0 | D        | NinjaNoafa set off with the following spells memorised:
                  | Blink, Lesser Beckoning, Vhi's Electric Charge, Teleport
                  | Other, Manifold Assault.
     0 | D        | Reached XP level 1. HP: 18/18 MP: 0/0
     0 | D        | Noticed a bag of meat
     2 | D        | Noticed a bag of meat
     3 | D        | Noticed a bag of meat
     4 | D        | Became a worshipper of Makhleb the Destroyer
     4 | D        | Noticed a meat berserker
     6 | D        | Killed a bag of meat
     6 | D        | Noticed a bag of meat
     7 | D        | Reached skill level 10 in Axes
     7 | D        | Reached XP level 2. HP: 38/38 MP: 0/0
     7 | D        | Reached XP level 3. HP: 43/43 MP: 0/0
     7 | D        | Learned a level 1 spell: Shock
     7 | D        | Reached XP level 4. HP: 49/49 MP: 0/0
     7 | D        | Reached XP level 5. HP: 55/55 MP: 0/0
     7 | D        | Learned a level 2 spell: Call Imp
     7 | D        | Reached XP level 6. HP: 61/61 MP: 0/0
     7 | D        | Reached XP level 7. HP: 67/67 MP: 0/0
     7 | D        | Learned a level 2 spell: Scorch
     7 | D        | Reached XP level 8. HP: 72/72 MP: 0/0
     7 | D        | Reached XP level 9. HP: 77/77 MP: 0/0
     7 | D        | Learned a level 3 spell: Vampiric Draining
     7 | D        | Reached XP level 10. HP: 84/84 MP: 0/0
     7 | D        | Reached XP level 11. HP: 89/89 MP: 0/0
     7 | D        | Learned a level 4 spell: Airstrike
     8 | D        | Killed a meat berserker
     8 | D        | Reached * piety under Makhleb
     8 | D        | Killed a bag of meat
     8 | D        | Killed a bag of meat
     9 | D        | Reached XP level 12. HP: 105/105 MP: 0/0
     9 | D        | Reached XP level 13. HP: 111/111 MP: 0/0
     9 | D        | Learned a level 5 spell: Agony
     9 | D        | Reached XP level 14. HP: 117/117 MP: 0/0
     9 | D        | Noticed a bag of meat
    10 | D        | Noticed a bag of meat
    10 | D        | Noticed a meat berserker
    12 | D        | Killed a bag of meat
    12 | D        | Reached ** piety under Makhleb
    12 | D        | Killed a meat berserker
    12 | D        | Killed a bag of meat
    12 | D        | Noticed a meat berserker
    13 | D        | Reached skill level 15 in Spellcasting
    13 | D        | Reached XP level 15. HP: 129/129 MP: 0/0
    13 | D        | Learned a level 6 spell: Starburst
    14 | D        | Noticed a meat berserker
    15 | D        | Killed a meat berserker
    15 | D        | Reached *** piety under Makhleb
    15 | D        | Noticed a meat berserker
    15 | D        | Noticed a meat berserker
    16 | D        | Reached XP level 16. HP: 117/140 MP: 0/0
    16 | D        | Killed a meat berserker
    16 | D        | Reached **** piety under Makhleb
    16 | D        | Noticed a meat berserker
    17 | D        | Noticed a large bag of meat
    18 | D        | Noticed a large bag of meat
    19 | D        | Killed a meat berserker
    20 | D        | Reached XP level 17. HP: 125/149 MP: 0/0
    20 | D        | Learned a level 6 spell: Simulacrum
    20 | D        | Reached ***** piety under Makhleb
    20 | D        | Noticed a meat berserker
    21 | D        | Killed a meat berserker
    21 | D        | Killed a meat berserker
    21 | D        | Noticed a meat berserker
    22 | D        | Reached skill level 27 in Dodging
    22 | D        | Reached XP level 18. HP: 165/165 MP: 0/0
    22 | D        | Killed a meat berserker
    22 | D        | Killed a meat berserker
    22 | D        | Killed a large bag of meat
    22 | D        | Noticed a large bag of meat
    23 | D        | Reached skill level 27 in Fighting
    23 | D        | Reached skill level 27 in Invocations
    23 | D        | Reached XP level 19. HP: 174/174 MP: 0/0
    23 | D        | Learned a level 7 spell: Summon Hydra
    23 | D        | Reached ****** piety under Makhleb
    23 | D        | Killed a large bag of meat
    23 | D        | Noticed a large bag of meat
    23 | D        | Noticed a meat berserker
    24 | D        | Reached skill level 27 in Axes
    24 | D        | Reached XP level 20. HP: 165/181 MP: 0/0
    24 | D        | Killed a meat berserker
    24 | D        | Killed a large bag of meat
    24 | D        | Noticed a meat berserker
    25 | D        | Reached skill level 27 in Spellcasting
    25 | D        | Killed a meat berserker
    26 | D        | Reached skill level 10 in Stealth
    26 | D        | Killed a large bag of meat
    27 | D        | Reached XP level 21. HP: 183/187 MP: 0/0
    27 | D        | Learned a level 8 spell: Borgnjor's Revivification
    27 | D        | Noticed a meat berserker
    28 | D        | Reached skill level 15 in Armour
    28 | D        | Reached skill level 15 in Unarmed Combat
    28 | D        | Noticed an eight-headed meat hydra
    28 | D        | Noticed a meat berserker
    29 | D        | Noticed a destroyer
    30 | D        | Killed a meat berserker
    31 | D        | Killed a nine-headed meat hydra
    31 | D        | Killed a meat berserker
    32 | D        | Reached skill level 15 in Maces & Flails
    32 | D        | Reached skill level 15 in Polearms
    32 | D        | Reached skill level 15 in Throwing
    32 | D        | Reached XP level 22. HP: 189/194 MP: 0/0
    33 | D        | Noticed a meat berserker
    34 | D        | Killed a destroyer
    34 | D        | Killed a meat berserker
    34 | D        | Noticed a meat berserker
    35 | D        | Killed a meat berserker
    36 | D        | Reached XP level 23. HP: 195/201 MP: 0/0
    36 | D        | Learned a level 7 spell: Spellforged Servitor
    37 | D        | Noticed a large bag of meat
    39 | D        | Killed a large bag of meat
    44 | D        | Reached XP level 24. HP: 201/208 MP: 0/0
    44 | D        | Noticed a destroyer
    44 | D        | Noticed a destroyer
    45 | D        | Killed a destroyer
    45 | D        | Killed a destroyer
    45 | D        | Noticed a destroyer
    45 | D        | Noticed a destroyer
    46 | D        | Reached skill level 27 in Armour
    46 | D        | Reached skill level 27 in Stealth
    46 | D        | Reached skill level 27 in Unarmed Combat
    46 | D        | Reached XP level 25. HP: 214/214 MP: 0/0
    46 | D        | Learned a level 9 spell: Chain Lightning
    46 | D        | Killed a destroyer
    46 | D        | Killed a destroyer
    47 | D        | Reached skill level 27 in Maces & Flails
    47 | D        | Reached skill level 27 in Polearms
    47 | D        | Reached skill level 27 in Throwing
    47 | D        | Reached skill level 1 in Ranged Weapons
    47 | D        | Noticed a tyrant
    47 | D        | Noticed a large bag of meat
    49 | D        | Killed a tyrant
    51 | D        | Reached skill level 10 in Short Blades
    51 | D        | Reached skill level 10 in Long Blades
    51 | D        | Reached skill level 10 in Staves
    51 | D        | Reached skill level 10 in Shields
    51 | D        | Reached skill level 10 in Evocations
    51 | D        | Reached XP level 26. HP: 193/221 MP: 0/0
    51 | D        | Killed a large bag of meat
    51 | D        | Noticed a tyrant
    52 | D        | Reached skill level 10 in Ranged Weapons
    52 | D        | Killed a tyrant
    53 | D        | Noticed a destroyer
    54 | D        | Reached skill level 15 in Shields
    54 | D        | Reached skill level 15 in Evocations
    54 | D        | Killed a destroyer
    54 | D        | Noticed a destroyer
    55 | D        | Reached skill level 15 in Short Blades
    55 | D        | Reached skill level 15 in Long Blades
    55 | D        | Reached skill level 15 in Staves
    55 | D        | Killed a destroyer
    55 | D        | Noticed a destroyer
    55 | D        | Noticed The Servant
    56 | D        | Reached XP level 27. HP: 228/228 MP: 0/0
    56 | D        | Learned a level 9 spell: Shatter
    56 | D        | Killed The Servant
    56 | D        | Killed a destroyer
    58 | D        | Noticed an accursed
    58 | D        | Noticed a destroyer
    58 | D        | Noticed a large bag of meat
    59 | D        | Noticed a tyrant
    59 | D        | Noticed a destroyer
    59 | D        | Noticed a large bag of meat
    59 | D        | Noticed a large bag of meat
    59 | D        | Noticed a large bag of meat
    59 | D        | Noticed an accursed
    60 | D        | Killed an accursed
    60 | D        | Killed an accursed
    61 | D        | Noticed a large bag of meat
    61 | D        | Killed a large bag of meat
    61 | D        | Noticed a destroyer
    61 | D        | HP: 11/228 [destroyer/+9 vorpal great sword (19)]
    62 | D        | Noticed a large bag of meat
    62 | D        | Noticed an accursed
    63 | D        | Reached skill level 27 in Short Blades
    63 | D        | Reached skill level 27 in Long Blades
    63 | D        | Reached skill level 27 in Staves
    63 | D        | Reached skill level 27 in Shields
    63 | D        | Reached skill level 27 in Evocations
    64 | D        | Reached skill level 27 in Ranged Weapons
    64 | D        | Annihilated by a destroyer

Illustrated notes

Levels and vault maps discovered:
D:        meatsprint

Skill      XL: |  1  2  3  4  5  6  7  8  9 10 11 12 13 14 15 16 17 18 19 20 21 22 23 24 25 26 27 |
---------------+----------------------------------------------------------------------------------+-----
Fighting       | 12 16 19 21 22 25 27 | 27.0
Axes           | 10 14 16 18 19 22 25 27 | 27.0
Dodging        | 13 18 20 22 24 27 | 27.0
Spellcasting   | 9 13 15 16 18 20 23 26 27 | 27.0
Invocations    | 11 16 19 21 22 25 27 | 27.0
Maces & Flails | 11 15 18 21 25 27 | 27.0
Polearms       | 11 15 18 21 24 27 | 27.0
Throwing       | 11 15 18 21 25 27 | 27.0
Armour         | 13 18 21 24 27 | 27.0
Stealth        | 12 16 19 23 27 | 27.0
Unarmed Combat | 13 18 21 24 27 | 27.0
Short Blades   | 10 18 27 | 27.0
Long Blades    | 10 18 27 | 27.0
Staves         | 10 18 27 | 27.0
Ranged Weapons | 9 17 27 | 27.0
Shields        | 10 19 27 | 27.0
Evocations     | 10 19 27 | 27.0

Action                   |  1- 3 |  4- 6 |  7- 9 | 10-12 | 13-15 | 16-18 | 19-21 | 22-24 | 25-27 || total
-------------------------+-------+-------+-------+-------+-------+-------+-------+-------+-------++-------
Melee: Executioner's axe |     1 |       |       |     3 |     6 |    11 |    17 |    20 |    42 ||   100
 Cast: Manifold Assault  |       |       |       |     1 |     2 |     3 |     6 |     8 |    15 ||    35
       Airstrike         |       |       |       |     1 |       |       |       |       |       ||     1
       Simulacrum        |       |       |       |       |       |       |     1 |     2 |       ||     3
       Summon Hydra      |       |       |       |       |       |       |     1 |       |       ||     1
       Spellforged Servi |       |       |       |       |       |       |       |     1 |       ||     1
       Chain Lightning   |       |       |       |       |       |       |       |       |     1 ||     1
       Shatter           |       |       |       |       |       |       |       |       |     2 ||     2
Armor: Leather armour    |       |       |       |       |       |       |       |       |     2 ||     2
Dodge: Dodged            |       |       |       |       |       |       |       |       |     2 ||     2

Table legend: (Time is in decaauts)
 A = Elapsed time spent in this place.
 B = Non-inter-level travel time spent in this place.
 C = Inter-level travel time spent in this place.
 D = Time resting spent in this place.
 E = Time spent auto-exploring this place.
 F = Levels seen in this place.
 G = Mean time per level.
                   A        B        C        D        E       F      G
               +--------+--------+--------+--------+--------+-----+--------+
         Total |     54 |     54 |      0 |      0 |      0 |   1 |   54.0 |
       Dungeon |     54 |     54 |      0 |      0 |      0 |   1 |   54.0 |
               +--------+--------+--------+--------+--------+-----+--------+

Top non-repeatable levels by time:
       D: 54 daAuts
